 Dungeon Crawl Stone Soup version 0.30-a0-937-ga0a21ad780 (webtiles) character file.

Game seed: 12683160619265445265

73808 Flugkiller the Nimble (level 15, 11/69 HPs)
             Began as a Felid Cinder Acolyte on Mar 24, 2023.
             Was an Elder of Ignis.
             Quit the game on level 3 of the Spider Nest on Mar 25, 2023.
             The game lasted 01:12:12 (38194 turns).

Flugkiller the Nimble (Felid Cinder Acolyte)       Turns: 38194, Time: 01:12:12

Health: 11/69      AC:  3    Str: 10      XL:     15   Next: 5%
Magic:  2/31       EV: 44    Int: 19 (21) God:    Ignis [****..]
Gold:   2952       SH:  0    Dex: 20      Spells: 6/36 levels left
                                        Lives:  0   Deaths: 5

rFire   + . .      SeeInvis +      - Unarmed
rCold   + + .      Faith    .    (shield unavailable)
rNeg    . . .      Spirit   .    (body armour unavailable)
rPois   .          Reflect  .    (helmet unavailable)
rElec   .          Rampage  .    (cloak unavailable)
rCorr   .                        (gloves unavailable)
Will    ++...                    (boots unavailable)
Stlth   ++                       C - amulet of the acrobat
HPRegen 0.31/turn                G - +6 ring of dexterity
MPRegen 0.22/turn                c - ring of protection from cold

@: acrobatic, quick
A: very small, claws 1, fangs 3, see invisible, speed 1, shaggy fur 3, stealthy
paws, no weapons or thrown items, no armour, multi-lived
a: Renounce Religion, Fiery Armour, Foxfire Swarm, Rising Flame


You were on level 3 of the Spider Nest.
You worshipped Ignis.
Ignis was greatly pleased with you.
You visited 4 branches of the dungeon, and saw 25 of its levels.
You also visited: Bailey, Gauntlet, Ice Cave and Volcano.

You collected 2952 gold pieces.

Inventory:

Jewellery
 c - a ring of protection from cold (right paw)
   (You found it on level 14 of the Dungeon)
 p - a ring of protection from fire
   (You found it on level 10 of the Dungeon)
 v - a +6 ring of dexterity
   (You found it on level 5 of the Lair of Beasts)
 y - an amulet of guardian spirit
   (You found it in a Gauntlet)
 C - an amulet of the acrobat (around neck)
   (You took it off an orc wizard on level 10 of the Dungeon)
 D - a +6 ring of strength
   (You found it on level 7 of the Dungeon)
 G - a +6 ring of dexterity (left paw)
   (You took it off a goblin on level 4 of the Dungeon)
 I - a ring of positive energy
   (You found it on level 1 of the Lair of Beasts)
 K - a ring of resist corrosion
   (You found it on level 2 of the Lair of Beasts)
 L - a ring of flight
   (You found it on level 11 of the Dungeon)
 O - a ring of wizardry
   (You took it off a kobold demonologist on level 11 of the Dungeon)
Wands
 j - a wand of paralysis (13)
   (You found it on level 3 of the Dungeon)
 l - a wand of polymorph (4)
   (You took it off Sigmund on level 2 of the Dungeon)
 m - a wand of iceblast (4)
   (You took it off Ijyb on level 2 of the Dungeon)
 r - a wand of acid (1)
   (You found it on level 1 of the Spider Nest)
 s - a wand of flame (23)
   (You found it on level 9 of the Dungeon)
 F - a wand of mindburst (9)
   (You found it on level 6 of the Dungeon)
 N - a wand of digging (5)
   (You found it on level 13 of the Dungeon)
Scrolls
 b - 4 scrolls of torment
 i - 6 scrolls of magic mapping
 o - 4 scrolls of fog
 t - 9 scrolls of teleportation
 u - 3 scrolls of poison
 H - 4 scrolls of immolation
 M - a scroll of amnesia
Potions
 a - 3 potions of ambrosia
 d - 3 potions of might
 e - a potion of magic
 f - 11 potions of brilliance
 g - 7 potions of flight
 h - 4 potions of haste
 n - 4 potions of resistance
 q - 7 potions of curing
 w - a potion of heal wounds
 x - 3 potions of cancellation
 B - 2 potions of mutation
 E - 5 potions of attraction
 J - 3 potions of berserk rage
Miscellaneous
 A - a tin of tremorstones (inert)
   (You found it on level 12 of the Dungeon)
 P - a phial of floods
   (You found it on level 14 of the Dungeon)


   Skills:
 + Level 10.2 Fighting
 - Level 14.0 Dodging
 - Level 2.0 Stealth
 * Level 11.6 Unarmed Combat
 - Level 11.0 Spellcasting
 - Level 12.0 Conjurations
 - Level 10.0 Hexes
 + Level 4.0 Necromancy
 - Level 8.0 Translocations
 - Level 13.1 Transmutations
 - Level 3.0 Fire Magic
 - Level 6.0 Ice Magic
 - Level 11.0 Earth Magic
 - Level 7.3 Evocations


You had 6 spell levels left.
You knew the following spells:

 Your Spells              Type           Power      Damage    Failure   Level
a - Scorch                Fire           42%        2d7       3%          2
b - Frozen Ramparts       Ice            66%        1d10      1%          3
c - Fulminant Prism       Conj/Hex       25%        3d14      1%          4
d - Confusing Touch       Hex            48%        N/A       1%          3
e - Iskenderun's Mystic   Conj/Tloc      48%        2d11      1%          4
f - Hailstorm             Conj/Ice       44%        3d10      1%          3
g - Statue Form           Tmut/Erth      36%        N/A       8%          6
h - Borgnjor's Vile Clut  Necr/Erth      19%        N/A       9%          5

Your spell library contained the following spells:

 Spells                   Type           Power      Damage    Failure   Level
 Beastly Appendage        Tmut           100%       N/A       1%          1
 Foxfire                  Conj/Fire      100%       2x1d9     1%          1
 Kiss of Death            Conj/Necr      100%       2d13      1%          1
 Necrotise                Necr           100%       1d9       1%          1
 Slow                     Hex            100%       N/A       1%          1
 Sting                    Tmut/Pois      100%       1d8       1%          1
 Blink                    Tloc           80%        N/A       1%          2
 Lesser Beckoning         Tloc           80%        N/A       1%          2
 Momentum Strike          Conj/Tloc      96%        3d10      1%          2
 Sublimation of Blood     Necr           25%        N/A       1%          2
 Wereblood                Tmut           57%        N/A       1%          2
 Spider Form              Tmut/Pois      35%        N/A       1%          3
 Tukima's Dance           Hex            48%        N/A       1%          3
 Ice Form                 Ice/Tmut       46%        N/A       1%          4
 Petrify                  Tmut/Erth      54%        N/A       1%          4
 Lee's Rapid Deconstruct  Erth           25%        3d14*     1%          5
 Yara's Violent Unravell  Hex/Tmut       26%        3d11      1%          5
 Passage of Golubria      Tloc           40%        N/A       2%          4
 Vampiric Draining        Necr           25%        2d7       3%          3
 Vhi's Electric Charge    Tloc/Air       50%        N/A       3%          3
 Kindle Blastsparks       Fire/Tloc/Air  48%        2d14      4%          3
 Fireball                 Conj/Fire      19%        3d9       9%          5
 Animate Dead             Necr           25%        N/A       13%         4
 Dispel Undead            Necr           25%        3d12      13%         4
 Arcjolt                  Conj/Air       16%        1d26      16%         5
 Summon Ice Beast         Ice/Summ       21%        N/A       19%         4
 Agony                    Necr           25%        N/A       34%         5
 Starburst                Conj/Fire      19%        6d7       43%         6
 Simulacrum               Ice/Necr       14%        N/A       78%         6
 Death Channel            Necr           12%        N/A       89%         6
 Haunt                    Necr/Summ      9%         N/A       100%        7
 Summon Hydra             Summ           5%         N/A       100%        7
 Infestation              Necr           12%        N/A       100%        8
 Maxwell's Capacitive Co  Air            5%         ∞         100%        8


Dungeon Overview and Level Annotations

Branches:
Dungeon (15/15) Zot: 25284  Temple (0/1) D:6            Lair (5/5) D:8 Zot: 24731
  Swamp (0/4) Lair:3       Spider (3/4) Lair:3 Zot: 19457   Slime (0/5) Lair:4
    Orc (2/2) D:11 Zot: 10259     Elf (0/3) Orc:2        Vaults (0/5) D:14
 Depths (0/4) D:15         Bailey (visited)           IceCv (visited)
Volcano (visited)         Gauntlet (visited)

Altars:
Ashenzari
Elyvilon
Fedhas
Gozag
Kikubaaqudgha
Makhleb
Nemelex Xobeh
Okawaru
Ru
Sif Muna
Trog
Vehumet
Zin
The Shining One
Jiyva

Shops:
D:11 :   Orc:2 =([*


Innate Abilities, Weirdness & Mutations

You have sharp claws.
You have razor-sharp teeth.
You have supernaturally acute eyesight. (SInv)
You cover ground quickly. (Speed+)
Your thick and shaggy fur keeps you warm. (AC +3, rC+)
Your paws help you pounce on unaware monsters.
You are incapable of wielding weapons or throwing items.
You cannot wear armour.
You gain extra lives every three experience levels.


Message History

The emperor scorpion claws you!
* * * LOW HITPOINT WARNING * * *
The ghost moth stares at you.
You feel your power leaking away.
You scratch the emperor scorpion but do no damage.
The emperor scorpion is almost dead.
The wall freezes the emperor scorpion but does no damage.
The emperor scorpion stings you!
* * * LOW HITPOINT WARNING * * *
The emperor scorpion misses you.
The emperor scorpion completely misses you.
The ghost moth stares at you.
You feel your power leaking away.
The wall freezes the emperor scorpion but does no damage.
The emperor scorpion misses you. x2
The emperor scorpion closely misses you.
You claw the emperor scorpion!
You bite the emperor scorpion, but do no damage.
The emperor scorpion is almost dead.
The wall freezes the emperor scorpion!
You kill the emperor scorpion!
Welcome back to level 15!
You feel much better.
The ghost moth resists.
The wall freezes the ghost moth.
The culicivora closely misses you.
You barely miss the ghost moth.
The ghost moth resists.
The wall freezes the ghost moth.
The ghost moth stares at you.
You feel your power leaking away. The ghost moth hits you!
You feel dopey. The ghost moth completely misses you.
The ghost moth stings you but does no damage.
The culicivora completely misses you.
The wall freezes the ghost moth but does no damage.
The ghost moth stares at you. The ghost moth misses you.
The ghost moth hits you but does no damage.
The ghost moth closely misses you.
You scratch the ghost moth.
The ghost moth is lightly wounded.
The frozen ramparts melt away.
The culicivora closely misses you.
An orb spider comes into view.
The ghost moth stares at you. The ghost moth barely misses you.
The ghost moth completely misses you. x2
The culicivora completely misses you.
The orb spider's many legs skitter faintly.
You scratch the ghost moth but do no damage.
The ghost moth is lightly wounded.
The culicivora completely misses you. The ghost moth completely misses you.
The ghost moth hits you!
* * * LOW HITPOINT WARNING * * *
You feel dopey. The ghost moth completely misses you.
The orb spider pulsates with a strange energy.
The culicivora completely misses you. The ghost moth stares at you.
You feel your power leaking away. The ghost moth completely misses you.
The ghost moth misses you. The ghost moth completely misses you.
The tremorstone explodes into fragments!
The burst of rock shards engulfs the culicivora!!
The burst of rock shards engulfs the ghost moth!
The burst of rock shards engulfs the culicivora!!
You kill the culicivora!
The burst of rock shards engulfs the ghost moth!
The burst of rock shards engulfs the ghost moth!!
The burst of rock shards engulfs you but does no damage.
The tin is emptied!
Your transformation is almost over.
You hear a faint skittering sound.
You hear a shout!
You hear a faint skittering sound.
The ghost moth completely misses you. x2; The ghost moth closely misses you.
The ghost moth completely misses you. x2
The ghost moth stings you but does no damage.
A jumping spider comes into view.
You mangle the ghost moth!!
You kill the ghost moth!
A redback comes into view.
Your Necromancy skill increases to level 4!
You hear a loud "Zot"!
The jumping spider leaps!
The orb spider weaves a glowing orb of energy.
An orb of destruction comes into view.
The jumping spider leaps!
You see here a +0 pair of boots.
You barely miss the jumping spider. You bite the jumping spider.
The jumping spider is lightly wounded.
The jumping spider completely misses you.
The jumping spider misses you.
The orb spider pulsates with a strange energy.
The jumping spider leaps!
A redback comes into view.
You revert to your normal fleshy form.
The jumping spider leaps!
The redback attacks as you move away! The redback bites you!
* * * LOW HITPOINT WARNING * * *
The redback completely misses you.
The jumping spider completely misses you. x2
Okay, then.
Are you sure you want to abandon this character and quit the game? (Confirm with "yes".)

^ .. ######
#.#....#
.#......#######
.....○°s...#..###
..^.>...#s....#.##
^$.......#[......#
#.##^##....s....##
######@s.(#
#....## ##.###
#...## #....##
##.....######
#^..........#
##...........
#............


You could see an orb spider (charged), a jumping spider and 2 redbacks.

Vanquished Creatures
  Arachne (Spider:2)
  Agnes (D:14)
  2 ghost moths
  5 emperor scorpions
  3 orc warlords
  3 broodmothers
  A minotaur (Gauntlet)
  A red draconian (Volcano)
  2 spark wasps
  2 entropy weavers
  A rakshasa (D:14)
  4 hydras
  4 vault guards (D:14)
  An ogre mage (D:15)
  A caustic shrike simulacrum (IceCv)
  A catoblepas (D:14)
  10 boulder beetles
  A death knight (D:14)
  6 two-headed ogres
  A vampire mage (D:14)
  4 centaur warriors
  2 radroaches
  8 death yaks
  An orc high priest (Orc:2)
  A tengu warrior (D:15)
  Nergalle (D:11)
  3 skeletal warriors (D:13)
  2 sun moths
  2 pharaoh ants
  2 skysharks (Lair:5)
  A goliath frog (Lair:5)
  2 spriggan simulacra (IceCv)
  2 orb spiders (Spider:2)
  A bog body (IceCv)
  Pikel (D:5)
  3 steelbarb worms (Spider:2)
  2 wizards
  A necromancer (D:15)
  A deep elf pyromancer (D:12)
  A deep elf zephyrmancer (D:15)
  9 orc knights
  7 manticores
  20 ugly things
  4 orc sorcerers
  8 wolf spiders
  4 salamanders (Volcano)
  An oklob plant (Lair:2)
  14 elephants
  5 cyclopes
  A black mamba (shapeshifter) (D:15)
  4 black mambas
  3 centaur zombies (D:15)
  A naga mage (D:15)
  5 molten gargoyles
  2 demonic crawlers (Spider:2)
  5 torpor snails
  A gargoyle (Volcano)
  Maggie (Lair:1)
  17 cane toads
  An unseen horror (D:10)
  3 rime drakes
  16 komodo dragons
  A centaur skeleton (D:15)
  7 ice devils (IceCv)
  4 kobold demonologists
  4 efreet
  A tengu conjurer (D:15)
  7 freezing wraiths
  3 trolls
  A golden dragon simulacrum (IceCv)
  A tyrant leech (Lair:5)
  31 blink frogs
  4 dream sheep (Lair:5)
  Prince Ribbit (D:5)
  12 tarantellas
  3 slime creatures (D:15)
  A dream sheep (shapeshifter) (D:15)
  9 jumping spiders
  12 culicivoras
  Sigmund (D:2)
  4 shadows
  A centaur simulacrum (Gauntlet)
  61 yaks
  3 wyverns
  2 wraiths
  28 redbacks
  A golden eye (shapeshifter) (D:14)
  2 steam dragons
  3 basilisks
  Menkaure (D:7)
  2 harpy simulacra (IceCv)
  5 vampire mosquitoes (Lair:5)
  4 wargs
  13 water moccasins
  4 acid dragons
  2 hell hounds (Lair:5)
  5 ice beasts
  45 orc warriors
  7 black bears
  6 wolves
  3 centaurs
  7 ogres
  An alligator simulacrum (IceCv)
  4 phantoms
  A lemure (D:5)
  6 kobold brigands
  Blork the orc (Orc:2)
  22 bullfrogs
  2 gnoll sergeants (D:10)
  2 scorpions (D:6)
  3 deep troll simulacra (IceCv)
  14 wights
  11 killer bees
  2 vampire bats (Lair:2)
  5 lava snakes (D:11)
  8 howler monkeys
  17 orc priests
  Crazy Yiuf (D:2)
  4 hounds
  2 jellies
  2 iron imps (Gauntlet)
  6 iguanas
  Ijyb (D:2)
  23 orc wizards
  3 sleepcaps
  A boggart skeleton (D:15)
  8 ogre zombies (D:11)
  A boggart simulacrum (D:13)
  4 adders
  26 gnolls
  2 shadow imps
  2 white imps
  An ufetubus (D:6)
  3 dart slugs
  80 orcs
  8 bats
  An endoplasm (D:4)
  3 giant cockroaches (D:3)
  15 goblins
  15 hobgoblins
  4 jackals (D:1)
  2 quokkas
  5 ball pythons
  A frilled lizard (D:3)
  3 goblin zombies (D:11)
  2 hobgoblin zombies (D:11)
  16 kobolds
  4 orc skeletons (D:11)
  16 orc zombies (D:11)
  5 rats
  A bush (Lair:2)
906 creatures vanquished.

Vanquished Creatures (others)
  A tengu conjurer (D:14)
  14 bushes (Lair:5)
  10 foxfires
  87 fulminant prisms
  108 fungi
  268 plants
  A withered plant (Gauntlet)
489 creatures vanquished.

Grand Total: 1395 creatures vanquished

Notes
Turn   | Place    | Note
-------+----------+-------------------------------------------
     0 | D:1      | Flugkiller the Felid Cinder Acolyte began the quest for the
                  | Orb.
     0 | D:1      | Reached XP level 1. HP: 10/10 MP: 3/3
   144 | D:1      | Reached skill level 1 in Stealth
   153 | D:1      | Reached XP level 2. HP: 13/14 MP: 4/4
   282 | D:1      | Learned a level 2 spell: Scorch
   824 | D:1      | Reached XP level 3. HP: 9/17 MP: 1/6
   987 | D:2      | Noticed Sigmund
  1197 | D:2      | You fall into a shaft and drop 2 floors!
  1218 | D:4      | Reached XP level 4. HP: 10/22 MP: 0/8
  1538 | D:3      | Reached XP level 5. HP: 18/25 MP: 4/9
  1944 | D:2      | Killed Sigmund
  1945 | D:2      | Gained mutation: You are covered in thick fur. (AC +2)
                  | [Felid growth]
  1945 | D:2      | Reached XP level 6. HP: 30/30 MP: 8/10
  1956 | D:2      | Found a runed translucent door.
  1957 | D:2      | Noticed Crazy Yiuf
  2006 | D:2      | Killed Crazy Yiuf
  2007 | D:2      | Reached skill level 5 in Fighting
  2007 | D:2      | Reached skill level 5 in Unarmed Combat
  2011 | D:2      | Learned a level 3 spell: Frozen Ramparts
  2109 | D:3      | Noticed Ijyb
  2123 | D:2      | Killed Ijyb
  2378 | D:3      | Reached skill level 1 in Ice Magic
  3114 | D:4      | Reached XP level 7. HP: 33/33 MP: 1/12
  3513 | D:5      | Entered Level 5 of the Dungeon
  4312 | D:5      | Noticed Pikel
  4339 | D:5      | Killed Pikel
  4340 | D:5      | Reached skill level 1 in Evocations
  4340 | D:5      | Reached XP level 8. HP: 37/37 MP: 5/15
  4653 | D:5      | Noticed Prince Ribbit
  4670 | D:5      | Killed Prince Ribbit
  4896 | D:5      | Reached skill level 2 in Dodging
  5058 | D:5      | Reached skill level 3 in Dodging
  5261 | D:6      | Reached skill level 4 in Dodging
  5473 | D:6      | Reached skill level 5 in Dodging
  5478 | D:6      | Learned a level 4 spell: Fulminant Prism
  5678 | D:6      | Reached skill level 1 in Hexes
  5825 | D:6      | Reached XP level 9. HP: 26/40 MP: 6/16
  5945 | D:6      | Reached skill level 1 in Conjurations
  6085 | D:6      | Found a staircase to the Ecumenical Temple.
  6544 | D:7      | Reached skill level 6 in Dodging
  6633 | D:7      | Noticed Menkaure
  6641 | D:7      | Killed Menkaure
  6932 | D:7      | Found an ancient bone altar of Kikubaaqudgha.
  6998 | D:7      | Found an iron altar of Okawaru.
  7001 | D:7      | Found a sacrificial altar of Ru.
  7022 | D:7      | Found a bloodstained altar of Trog.
  7022 | D:7      | Found a shimmering blue altar of Sif Muna.
  7022 | D:7      | Found a burning altar of Makhleb.
  7023 | D:7      | Found a sparkling altar of Nemelex Xobeh.
  7024 | D:7      | Found a white marble altar of Elyvilon.
  7025 | D:7      | Found a glowing silver altar of Zin.
  7027 | D:7      | Found a broken altar of Ashenzari.
  7195 | D:7      | Reached skill level 5 in Spellcasting
  7754 | D:8      | Noticed a two-headed ogre
  7790 | D:7      | Reached skill level 7 in Dodging
  7790 | D:7      | Reached skill level 5 in Hexes
  7893 | D:8      | Noticed a purple ugly thing
  8071 | D:8      | Killed a two-headed ogre
  8072 | D:8      | Reached XP level 10. HP: 41/44 MP: 5/20
  8273 | D:8      | Noticed a centaur warrior
  8506 | D:7      | Reached skill level 5 in Conjurations
  8693 | D:8      | Slain by a centaur
  8694 | D:8      | Reached XP level 9. HP: -5/40 MP: 16/19
  8721 | D:8      | Killed a purple ugly thing
  9111 | D:8      | Found a staircase to the Lair.
  9486 | D:8      | Killed a centaur warrior
  9487 | D:8      | Reached XP level 10. HP: 44/44 MP: 21/21
  9530 | D:8      | Reached skill level 10 in Hexes
  9719 | D:8      | Noticed a centaur warrior
  9720 | D:8      | why are there two centaur warriors on d:8
  9725 | D:8      | Shot with an arrow by a centaur warrior
  9726 | D:8      | Reached XP level 9. HP: -12/40 MP: 20/20
  9747 | D:8      | Killed a centaur warrior
 10042 | D:9      | Noticed a two-headed ogre
 10056 | D:9      | Killed a two-headed ogre
 10128 | D:9      | Found a radiant altar of Vehumet.
 10528 | D:9      | Noticed a centaur warrior
 10532 | D:9      | oh nice, yet another one
 10532 | D:9      | on d:9
 10532 | D:9      | guess I'll die!
 10537 | D:9      | Killed a centaur warrior
 10538 | D:9      | Reached XP level 10. HP: 44/44 MP: 21/21
 11459 | D:10     | Entered Level 10 of the Dungeon
 11470 | D:10     | Found a flagged portal.
 11692 | Bailey   | Entered a bailey
 11751 | Bailey   | Noticed an orc knight
 11767 | Bailey   | Learned a level 3 spell: Confusing Touch
 12012 | Bailey   | Killed an orc knight
 12344 | Bailey   | Reached skill level 10 in Conjurations
 12567 | Bailey   | Identified the +7 sling of Ointment {drain, Str+5}
 12649 | Bailey   | Noticed an orc warlord
 12790 | Bailey   | Reached XP level 11. HP: 36/48 MP: 1/22
 13010 | Bailey   | Killed an orc warlord
 13011 | Bailey   | Reached skill level 8 in Dodging
 13152 | D:9      | Reached skill level 10 in Dodging
 13152 | D:9      | Gained mutation: Your thick and shaggy fur keeps you warm.
                  | (AC +3, rC+) [Felid growth]
 13152 | D:9      | Reached XP level 12. HP: 52/52 MP: 23/23
 13223 | D:9      | Learned a level 4 spell: Iskenderun's Mystic Blast
 13519 | D:10     | Reached skill level 1 in Translocations
 14204 | D:10     | Noticed a two-headed ogre
 14216 | D:10     | Killed a two-headed ogre
 15243 | Lair:1   | Entered Level 1 of the Lair of Beasts
 15306 | Lair:1   | Learned a level 3 spell: Hailstorm
 15456 | Lair:1   | Noticed Maggie
 15467 | Lair:1   | Killed Maggie
 15767 | Lair:1   | Reached skill level 5 in Translocations
 17462 | Lair:2   | Killed from afar by an oklob plant
 17463 | Lair:2   | Reached XP level 11. HP: -4/50 MP: 15/24
 17465 | Lair:2   | Killed an oklob plant
 17665 | Lair:2   | Reached XP level 12. HP: 41/54 MP: 1/25
 18292 | Lair:3   | Noticed a five-headed hydra
 18397 | Lair:3   | Found a gate leading to a gauntlet.
 18403 | Gauntlet | Entered a Gauntlet
 18403 | Gauntlet | Found a transporter.
 18403 | Gauntlet | Found a transporter.
 18422 | Gauntlet | Found a transporter.
 18433 | Gauntlet | Found a transporter.
 18437 | Gauntlet | Found a transporter.
 18446 | Gauntlet | Found a transporter.
 18449 | Gauntlet | Found a transporter.
 18457 | Gauntlet | Found a transporter.
 18471 | Gauntlet | Found a runed translucent door.
 18472 | Gauntlet | Noticed a hell beast
 18473 | Gauntlet | Found a transporter.
 18475 | Gauntlet | Found a runed translucent door.
 18487 | Gauntlet | Found a transporter.
 18491 | Gauntlet | Found a transporter.
 18492 | Gauntlet | Found a runed translucent door.
 18502 | Gauntlet | Found a transporter.
 19120 | Gauntlet | Noticed a minotaur
 19130 | Gauntlet | Killed a minotaur
 19133 | Gauntlet | Identified the +0 cloak "Kyopynge" {rN++ Regen+ Str-2}
 19134 | Gauntlet | Got the Omnibus of the Transformed Curse
 19207 | Lair:3   | Reached skill level 1 in Transmutations
 19504 | Lair:3   | Noticed a death yak
 19504 | Lair:3   | Noticed a death yak
 19505 | Lair:3   | Noticed a death yak
 19588 | Lair:3   | Reached skill level 5 in Transmutations
 19875 | Lair:3   | Killed a death yak
 20132 | Lair:3   | Killed a death yak
 20385 | Lair:3   | Found a staircase to the Swamp.
 20385 | Lair:3   | Found a hole to the Spider Nest.
 20775 | Lair:3   | Killed a five-headed hydra
 21084 | Lair:3   | Killed a death yak
 21185 | Lair:4   | Reached skill level 10 in Transmutations
 21326 | Lair:4   | Identified a scroll of acquirement
 21341 | Lair:4   | Reached skill level 1 in Earth Magic
 21341 | Lair:4   | Reached XP level 13. HP: 57/57 MP: 7/26
 21648 | Lair:4   | Found a staircase to the Slime Pits.
 21648 | Lair:4   | Found a viscous altar of Jiyva.
 23233 | Lair:5   | Entered Level 5 of the Lair of Beasts
 23283 | Lair:5   | Found a dark tunnel.
 23289 | Volcano  | Entered a volcano
 23738 | Volcano  | Learned a level 6 spell: Statue Form
 23766 | Volcano  | Noticed a red draconian
 23815 | Volcano  | Killed a red draconian
 24241 | Volcano  | Reached skill level 5 in Earth Magic
 24569 | Volcano  | Noticed an orb of fire
 24596 | Volcano  | Noticed an orb of fire
 25241 | Lair:5   | Reached XP level 14. HP: 42/61 MP: 6/27
 26057 | Lair:5   | Reached skill level 11 in Dodging
 26407 | Lair:5   | Found the +10 zealot's sword {holy, Zealotry, *Rage rN+
                  | EV+3}
 26484 | Lair:5   | Acquired 782 gold pieces
 26716 | D:11     | Found a staircase to the Orcish Mines.
 26845 | D:11     | Found Wyeja's Self-Improvement Boutique.
 26852 | D:11     | Noticed Nergalle
 26867 | D:11     | Killed Nergalle
 27320 | D:12     | Found a blossoming altar of Fedhas.
 29295 | D:14     | Found a gate to the Vaults.
 29327 | D:14     | Reached XP level 15. HP: 42/66 MP: 9/29
 29680 | D:14     | Reached skill level 12 in Dodging
 29733 | D:14     | Noticed Agnes
 29745 | D:14     | Killed Agnes
 30141 | D:15     | Entered Level 15 of the Dungeon
 30502 | D:15     | Paralysed by an ogre mage for 4 turns
 30511 | D:15     | Reached skill level 10 in Earth Magic
 30637 | D:15     | Found an opulent altar of Gozag.
 30882 | D:15     | Reached skill level 10 in Spellcasting
 30923 | D:15     | Found a staircase to the Depths.
 31384 | D:15     | Found a glowing golden altar of the Shining One.
 31670 | Orc:1    | Entered Level 1 of the Orcish Mines
 32193 | Orc:2    | Entered Level 2 of the Orcish Mines
 32690 | Orc:2    | Noticed Blork the orc
 32697 | Orc:2    | Killed Blork the orc
 32915 | Orc:2    | Found Quvyvam's Antique Armour Shoppe.
 32922 | Orc:2    | Found Ughoa's Jewellery Shoppe.
 32936 | Orc:2    | Found a staircase to the Elven Halls.
 33072 | Orc:2    | Found Okhliq's General Store.
 33145 | Orc:2    | Found Yrrud's Antique Weapon Shoppe.
 33540 | Spider:1 | Entered Level 1 of the Spider Nest
 33594 | Spider:1 | Reached skill level 13 in Dodging
 33746 | Spider:1 | Reached XP level 16. HP: 59/72 MP: 18/31
 33761 | Spider:1 | Reached skill level 10 in Unarmed Combat
 34131 | Spider:1 | Learned a level 5 spell: Borgnjor's Vile Clutch
 34173 | Spider:1 | Mangled by a radroach
 34174 | Spider:1 | Reached XP level 15. HP: -11/87 MP: 20/30
 34527 | Spider:1 | Noticed an emperor scorpion
 34604 | Spider:1 | Killed an emperor scorpion
 34648 | Spider:1 | Reached skill level 1 in Necromancy
 35522 | Spider:2 | Noticed an emperor scorpion
 35887 | Spider:2 | Killed an emperor scorpion
 36332 | Spider:2 | Noticed an emperor scorpion
 36353 | Spider:2 | Killed an emperor scorpion
 36380 | Spider:2 | Noticed Arachne
 36732 | Spider:2 | Killed Arachne
 37349 | Spider:3 | Noticed an emperor scorpion
 37360 | Spider:2 | Killed an emperor scorpion
 37412 | Spider:3 | Found a frozen archway.
 37462 | IceCv    | Entered an ice cave
 37537 | IceCv    | Reached skill level 10 in Fighting
 37940 | IceCv    | Noticed an Ice Fiend
 37951 | IceCv    | Slain by an Ice Fiend
 37952 | IceCv    | Reached XP level 14. HP: 0/84 MP: 18/30
 37966 | IceCv    | Reached skill level 14 in Dodging
 38166 | Spider:3 | Noticed an emperor scorpion
 38166 | Spider:3 | Paralysed by a Zot trap for 5 turns
 38178 | Spider:3 | Noticed a ghost moth
 38181 | Spider:3 | Killed an emperor scorpion
 38182 | Spider:3 | Reached XP level 15. HP: 9/69 MP: 1/31
 38194 | Spider:3 | Quit the game

Illustrated notes

...#..).#.##...#.##.[............
...<.......(..c.....#.###########
.).........(....)####)'..#..#..#.
...####.#.##.....####.#..#..#..#.
####..?...##..........###.##.##.#
####................#.#..#..#.
#.#.###....##....###..#..#.
#.#.###....##..#..#######.#
#.#......#@.........####.#.
####'#####........#.......###.
#.....# #.###.#.###........##
#.....# #.# #.#.# #.........#
#.....# #.# #.#.# ##.........
#.....# #.###.#.# ###.......
#.....# #.......# ##......
#.....# #####.### ##..... #.....#
#.###### ##....


Turn 9720 on D:8: why are there two centaur warriors on d:8 #.........'..
#.........#.. #########'########## #...............# #................
#.........≈≈.≈≈.. ######..≈..≈.≈..≈ #......≈≈....§≈≈ #.@........_......
#c.....≈≈.....≈≈.. #......≈..≈.≈§.≈§. #........≈≈.§≈.... ......#...........
.#######........... .. #........... ## +........... #........... Turn 10532 on
D:9: oh nice, yet another one

Levels and vault maps discovered:
D:1:      minmay_arrival_widening_spiral_wide, layout_basic
D:2:      layout_rooms, minmay_ruptured, uniq_crazy_yiuf_cottage, uniq_sigmund
D:3:      layout_basic, amcnicky_mini_pool_small, uniq_ijyb
D:4:      layout_rooms
D:5:      layout_gridville, uniq_prince_ribbit1, uniq_pikel
D:6:      layout_basic, temple_doors_e, kennysheep_another_room
D:7:      layout_cave_pods, kennysheep_little_box, minitemple, uniq_menkaure
D:8:      minmay_s_stair_smasher, layout_basic, due_lair_maze_entry_diamond,
          minmay_manual_monstrance
D:9:      layout_grid_maze, mainiacjoe_overflow_small_starburst
D:10:     layout_cave_pods, enter_bailey_2
D:11:     erik_rubicon_a, layout_rooms, zombieorc2_lemuel,
          nicolae_shop_self_help, uniq_nergalle
D:12:     layout_cave_pools, fedhas_altar_2
D:13:     layout_loops_ring
D:14:     layout_roguey, lightli_vaults_fourway_checkpoint, kennysheep_doodads,
          nzn_life_drinkers, uniq_agnes
D:15:     grunt_enter_depths_magical_seal, layout_gridville,
          grunt_gozag_statues, nicolae_tso_swordbearing_angel
Lair:1:   layout_regular_city, uniq_maggie
Lair:2:   layout_cave_pods, minmay_lair_oklob_items, roderic_batcave,
          nicolae_quartered_pool_little, beast_lair_carwin_10
Lair:3:   layout_loops_ring, minmay_swamp_entry_wisps, dummy_spider_entry,
          gauntlet_entry_generic, infiniplex_staircase_pool_2,
          grunt_megastairs_1
Lair:4:   layout_regular_city, slime_entry_1
Lair:5:   minmay_lair_end_frog_pond, layout_loops_ring, serial_forest,
          infiniplex_forest_straight_3, infiniplex_forest_clump_long,
          infiniplex_forest_straight_2, infiniplex_forest_clump_long,
          infiniplex_forest_lined_corner, infiniplex_forest_corner_2,
          infiniplex_forest_lined_3_way, infiniplex_forest_split,
          enter_volcano_3
Spider:1: nicolae_spider_hilbert_zone_2 [nicolae_spider_hilbert_4_sides_1_open,
          nicolae_spider_hilbert_4_sides_1_open,
          nicolae_spider_hilbert_4_sides_1_open,
          nicolae_spider_hilbert_4_sides_1_open,
          nicolae_spider_hilbert_6_sides_1_open,
          nicolae_spider_hilbert_6_sides_1_open,
          nicolae_spider_hilbert_3_sides_1_open,
          nicolae_spider_hilbert_3_sides_1_open,
          nicolae_spider_hilbert_3_sides_1_open,
          nicolae_spider_hilbert_3_sides_1_open,
          nicolae_spider_hilbert_6_sides_1_open,
          nicolae_spider_hilbert_6_sides_1_open,
          nicolae_spider_hilbert_6_sides_1_open,
          nicolae_spider_hilbert_6_sides_1_open]
Spider:2: layout_chambers, uniq_arachne
Spider:3: layout_spider_delve, portal_ice_cave_entry_frozen_things,
          nicolae_spider_cling_halls
Orc:1:    layout_caves
Orc:2:    grunt_orc_cross, layout_diamond_mine

Skill      XL: |  1  2  3  4  5  6  7  8  9 10 11 12 13 14 15 16 |
---------------+-------------------------------------------------+-----
Fire Magic     | 3 |  3.0
Stealth        | 1 2 |  2.0
Spellcasting   | 2 3 4 7 8 9 11 | 11.0
Fighting       | 4 5 7 10 | 10.2
Unarmed Combat | 4 5 7 11 10 | 11.6
Ice Magic      | 2 6 |  6.0
Evocations     | 1 4 7 |  7.3
Dodging        | 5 7 10 14 13 | 14.0
Hexes          | 1 9 10 | 10.0
Conjurations   | 8 10 11 12 | 12.0
Translocations | 7 8 |  8.0
Transmutations | 10 13 | 13.1
Earth Magic    | 1 7 9 11 | 11.0
Necromancy     | 4 |  4.0

Action                     |  1- 3 |  4- 6 |  7- 9 | 10-12 | 13-15 | 16-18 || total
---------------------------+-------+-------+-------+-------+-------+-------++-------
  Melee: Unarmed           |    44 |    27 |    88 |   354 |  1435 |    40 ||  1988
         Bite              |     6 |     3 |    12 |    65 |   236 |    15 ||   337
         Punch             |       |     1 |     3 |    25 |   124 |     4 ||   157
   Cast: Scorch            |    18 |    55 |   220 |   119 |       |       ||   412
         Frozen Ramparts   |       |       |    15 |    51 |    64 |     3 ||   133
         Fulminant Prism   |       |       |       |    61 |    26 |       ||    87
         Hailstorm         |       |       |       |   144 |    98 |     1 ||   243
         Iskenderun's Myst |       |       |       |    41 |    72 |       ||   113
         Confusing Touch   |       |       |       |     4 |     4 |       ||     8
         Statue Form       |       |       |       |       |   115 |     3 ||   118
         Borgnjor's Vile C |       |       |       |       |     2 |       ||     2
 Invoke: Fiery Armour      |     1 |       |       |     1 |       |       ||     2
         Foxfire Swarm     |       |       |       |     1 |       |       ||     1
  Evoke: Wand              |       |     3 |     7 |    12 |    19 |     1 ||    42
         Tin of tremorston |       |       |       |       |     6 |     1 ||     7
    Use: Potion            |     2 |     1 |     5 |     6 |    10 |     1 ||    25
         Scroll            |     2 |       |    10 |    13 |    13 |     1 ||    39
   Stab: Paralysed         |       |     6 |    13 |     5 |     4 |       ||    28
         Sleeping          |       |     1 |       |     2 |     8 |       ||    11
         Distracted        |       |       |       |       |     1 |       ||     1
 Armour: Skin              |     9 |     5 |    10 |    19 |   510 |    19 ||   572
  Dodge: Dodged            |    50 |    42 |   188 |   383 |  2815 |   110 ||  3588

Table legend: (Time is in decaauts)
 A = Elapsed time spent in this place.
 B = Non-inter-level travel time spent in this place.
 C = Inter-level travel time spent in this place.
 D = Time resting spent in this place.
 E = Time spent auto-exploring this place.
 F = Levels seen in this place.
 G = Mean time per level.
                   A        B        C        D        E       F      G
               +--------+--------+--------+--------+--------+-----+--------+
         Total |  36873 |  35354 |   1519 |  12699 |  12309 |  29 | 1271.5 |
       Dungeon |  17786 |  16873 |    913 |   5781 |   7092 |  15 | 1185.7 |
          Lair |   8637 |   8155 |    482 |   2782 |   2292 |   5 | 1727.4 |
   Spider Nest |   4542 |   4481 |     61 |   1518 |   1654 |   3 | 1514.0 |
  Orcish Mines |   1740 |   1678 |     62 |    212 |    938 |   2 |  870.0 |
        Bailey |   1350 |   1350 |      0 |    781 |     51 |   1 | 1350.0 |
      Ice Cave |    776 |    776 |      0 |    435 |     32 |   1 |  776.0 |
       Volcano |   1368 |   1368 |      0 |    871 |    171 |   1 | 1368.0 |
      Gauntlet |    671 |    671 |      0 |    317 |     76 |   1 |  671.0 |
               +--------+--------+--------+--------+--------+-----+--------+

Top non-repeatable levels by time:
Spider:2: 2195 daAuts
  Lair:3: 2166 daAuts
Spider:1: 2151 daAuts
  Lair:5: 1948 daAuts
  Lair:2: 1800 daAuts
     D:7: 1751 daAuts
     D:8: 1637 daAuts
  Lair:4: 1501 daAuts
     D:9: 1497 daAuts
    D:15: 1470 daAuts
    D:10: 1464 daAuts
 Volcano: 1368 daAuts
  Bailey: 1350 daAuts
    D:13: 1304 daAuts
     D:5: 1286 daAuts
